 Dungeon Crawl Stone Soup version 0.18.0-2-g198d6d4 (webtiles) character file.

11 imoen the Insei (level 2, -3/16 HPs)
             Began as a Vine Stalker Monk on May 5, 2016.
             Slain by an ogre
             ... wielding a +0 giant club
              (19 damage)
             ... on level 4 of the Dungeon.
             The game lasted 00:03:30 (349 turns).

imoen the Insei (Vine Stalker Monk)                  Turns: 349, Time: 00:03:31

Health: -3/16      AC: 10    Str: 13    XL:     2   Next: 29%
Magic:  0/3        EV: -2    Int: 10    God:
Gold:   53         SH:  0    Dex: 16    Spells: 0 memorised, 1 level left

rFire  . . .     SeeInvis .       - Unarmed
rCold  . . .     Gourm    .     e - +0 plate armour
rNeg   . . .     Faith    .     (no shield)
rPois  .         Spirit   +     (no helmet)
rElec  .         Dismiss  .     (no cloak)
rCorr  .         Reflect  .     (no gloves)
SustAt .         Harm     .     (no boots)
MR     .....                    (no amulet)
Stlth  ..........               (no ring)
                                (no ring)

@: not resistant to hostile enchantments, extremely unstealthy
A: fangs 2, regeneration 1, magic shield, antimagic bite, no device heal 3, rot
immunity
a: no special abilities


You were on level 4 of the Dungeon.
You were not hungry.

You visited 1 branch of the dungeon, and saw 4 of its levels.

You collected 53 gold pieces.

Inventory:

Armour
 a - a +0 robe
 e - a +0 plate armour (worn)
   (You found it on level 2 of the Dungeon)
Scrolls
 f - a scroll of noise {unknown}
 g - a scroll of remove curse {unknown}
 i - a scroll of teleportation {unknown}
Potions
 d - a potion of heal wounds {unknown}
 h - a potion of brilliance {unknown}
 j - a potion of degeneration {unknown}
Comestibles
 b - a bread ration
 c - 2 meat rations


   Skills:
 - Level 2.6 Fighting
 - Level 2.4 Dodging
 - Level 2.4 Stealth
 + Level 4.5 Unarmed Combat


You had one spell level left.
You didn't know any spells.

Dungeon Overview and Level Annotations

Branches:
Dungeon (4/15)
 Temple: D:4-7

Altars:
The Shining One


Innate Abilities, Weirdness & Mutations

You have extremely sharp teeth.
Your natural rate of healing is unusually fast.
When hurt, damage is shared between your health and your magic reserves.
Your bite disrupts and absorbs the magic of your enemies.
Potions and wands cannot restore your health.
You are immune to rotting.


Message History

You closely miss the goblin. Your bite misses the goblin.
The goblin hits you but does no damage.
You closely miss the goblin. The goblin hits you but does no damage.
You closely miss the goblin.
Your plate armour prevents you from hitting the goblin.
The goblin barely misses you.
Your plate armour prevents you from hitting the goblin.
Your bite misses the goblin. The goblin hits you but does no damage.
You barely miss the goblin. You bite the goblin. You drain its power.
The goblin hits you but does no damage.
You barely miss the goblin. The goblin hits you but does no damage.
You hit the goblin.
You kill the goblin!
You have reached level 2!
Health restored: 16; MP restored: 3
Things that are here:
a dagger; a goblin corpse
h - a cyan potion
i - a scroll labeled QUNTUMPAYKO
Found a glowing golden altar of the Shining One.
You see here a whip.
Things that are here:
a dagger; a goblin corpse A giant cockroach comes into view.
The giant cockroach moves out of view.
Unknown command.
The giant cockroach bites you but does no damage.
You hit the giant cockroach. You bite the giant cockroach. You drain its power.
You kill the giant cockroach!
A kobold comes into view.
The kobold shouts!
You see here 14 gold pieces.
Unknown command.
You hit the kobold. The kobold hits you but does no damage.
You hit the kobold but do no damage. Your bite misses the kobold.
The kobold hits you but does no damage.
You hit the kobold.
You kill the kobold!
You see here a kobold corpse.
You now have 42 gold pieces (gained 14).
There are no items here.
j - a yellow potion A hobgoblin comes into view.
Unknown command.
There is a stone staircase leading down here.
You climb downwards.
There is a stone staircase leading up here.
Unknown command.
A giant newt comes into view.
The giant newt bites you but does no damage.
A kobold comes into view. It is wielding a club.
The kobold shouts!
You see here 11 gold pieces.
You punch the giant newt!
You kill the giant newt!
The kobold hits you but does no damage.
Your plate armour prevents you from hitting the kobold.
The kobold hits you but does no damage.
Your plate armour prevents you from hitting the kobold.
The kobold hits you but does no damage.
Your plate armour prevents you from hitting the kobold.
The kobold hits you with a club.
You take 2 damage, and have 14/16 hp.
You hit the kobold but do no damage. Your bite misses the kobold.
The kobold barely misses you.
Your plate armour prevents you from hitting the kobold.
You hit the kobold.
You kill the kobold!
No target in view!
You now have 53 gold pieces (gained 11).
There are no items here.
You see here a giant newt corpse.
Health restored: 16 A rat comes into view.
The rat bites you but does no damage.
You hit the rat but do no damage. Your bite misses the rat.
The rat bites you but does no damage.
You closely miss the rat. You bite the rat. You drain its power.
The rat bites you but does no damage.
You closely miss the rat. The rat bites you but does no damage.
Your plate armour prevents you from hitting the rat.
You bite the rat. You drain its power.
You kill the rat!
You see here a rat corpse.
There is a stone staircase leading down here.
You climb downwards.
There is a stone staircase leading up here.
Unknown command.
An ogre comes into view. It is wielding a giant club.
The ogre shouts!
Unknown command.
Unknown command.
Unknown command.
Unknown command.
Unknown command.
There is a stone staircase leading up here.
Unknown command.
The ogre hits you with a giant club!!
Ouch! That really hurt!
You die...

#.#.##..#
#.......# #
........!!#
........#.#####
...............
####.#.####
#####>..........
#.....O.........
#.###@#..#####..
#.#....#
#.#....#
#.#....#
#.#....#
#.#....#
#.#....# ..#


You could see an ogre.

Vanquished Creatures
  A giant cockroach (D:2)
  3 goblins
  2 hobgoblins (D:1)
  A giant newt (D:3)
  3 kobolds
  A rat (D:3)
11 creatures vanquished.

Notes
Turn   | Place    | Note
--------------------------------------------------------------
     0 | D:1      | imoen the Vine Stalker Monk began the quest for the Orb.
     0 | D:1      | Reached XP level 1. HP: 11/11 MP: 2/2
    73 | D:1      | You fall through a shaft!
   185 | D:2      | Reached XP level 2. HP: 16/16 MP: 3/3
   207 | D:2      | Found a glowing golden altar of the Shining One.
   345 | D:4      | Noticed an ogre
   349 | D:4      | Slain by an ogre

Action                   || total
-------------------------++-------
Melee: Unarmed           ||    34
       Bite              ||     7
Armor: Plate armour      ||    16
       Robe              ||     3
Dodge: Dodged            ||     8

Vault maps used:
D:1:      dpeg_arrival_morbid_curiosity
D:2:      lemuel_coloured_pillars_altar, first_bread
D:3:      nicolae_ru_the_path_less_chosen,
          nicolae_gozag_cash_rules_everything_around_me, old_standard_altar
D:4:      bloody_makhleb, grunt_dithmenos_shadows

Table legend:
 A = Turns spent in this place as a percentage of turns spent in the entire game.
 B = Non-inter-level travel turns spent in this place as a percentage of non-inter-level travel turns spent in the entire game.
 C = Inter-level travel turns spent in this place as a percentage of turns spent in this place.
 D = Turns resting spent in this place as a percentage of non-inter-level travel turns spent in this place.
 E = Turns spent auto-exploring this place as a percentage of non-inter-level travel turns spent in this place.
 F = Non-inter-level travel turns spent in this place divided by the number of levels of this place that you've seen.
                   A       B       C       D       E      F
               +-------+-------+-------+-------+-------+----------------------
         Total | 100.0 | 100.0 |   0.3 |   0.0 |   0.7 |  76.0
       Dungeon | 100.0 | 100.0 |   0.3 |   0.0 |   0.7 |  76.0
               +-------+-------+-------+-------+-------+----------------------

Table legend:
 A = Kills in this place as a percentage of kills in entire the game.
 B = Kills by you in this place as a percentage of kills by you in the entire game.
 C = Kills by friends in this place as a percentage of kills by friends in the entire game.
 D = Other kills in this place as a percentage of other kills in the entire game.
 E = Experience gained in this place as a percentage of experience gained in the entire game.
 F = Experience gained in this place divided by the number of levels of this place that you have seen.
                   A       B       C       D       E      F
               +-------+-------+-------+-------+-------+----------------------
         Total | 100.0 | 100.0 |  -nan |  -nan | 100.0 |   4.2
       Dungeon | 100.0 | 100.0 |  -nan |  -nan | 100.0 |   4.2
               +-------+-------+-------+-------+-------+----------------------
